 Dungeon Crawl Stone Soup version 0.16-a0-3425-gb4a0a08 (webtiles) character file.

326 Miyamura the Magician (level 6, -12/35 HPs)
             Began as a Deep Elf Fire Elementalist on Dec 31, 2014.
             Mangled by an iguana (14 damage)
             ... on level 4 of the Dungeon.
             The game lasted 00:16:04 (4278 turns).

Miyamura the Magician (Deep Elf Fire Elementalist)  Turns: 4278, Time: 00:16:05

Health: -12/35     AC:  3    Str:  6    XL:     6   Next: 24%
Magic:  11/21      EV: 14    Int: 21    God:
Gold:   216        SH:  0    Dex: 15    Spells: 3 memorised, 8 levels left

rFire  . . .     SeeInvis .     g - +3 short sword (elec)
rCold  . . .     Clarity  .     a - +0 robe
rNeg   . . .     SustAb   .     (no shield)
rPois  .         Gourm    .     (no helmet)
rElec  .         Spirit   .     A - +0 cloak
rCorr  .         Warding  .     (no gloves)
rMut   .         Stasis   .     (no boots)
MR     .....                    (no amulet)
Stlth  ++........               (no ring)
                                (no ring)

@: very slightly contaminated, not resistant to hostile enchantments, unstealthy
A: no striking features
a: no special abilities


You were on level 4 of the Dungeon.
You were not hungry.

You visited 1 branch of the dungeon, and saw 4 of its levels.

You collected 216 gold pieces.

Inventory:

Hand weapons
 g - a +3 short sword of electrocution (weapon)
 y - a +3 quarterstaff of chaos
Armour
 a - a +0 robe (worn)
 m - a +0 shield
 A - a +0 cloak (worn)
Jewellery
 p - an uncursed ring of flight {unknown}
Magical devices
 E - a wand of flame (35)
Scrolls
 f - 3 scrolls of teleportation
 h - 3 scrolls of remove curse
 l - a scroll of blinking
 n - 3 scrolls of identify
 t - a scroll of amnesia
 v - 2 scrolls of fog
 x - a scroll of recharging
 B - a scroll of immolation {unknown}
 C - a scroll of random uselessness {unknown}
Potions
 d - a potion of agility
 e - a potion of resistance
 i - a potion of might {unknown}
 k - a potion of ambrosia {unknown}
 o - 2 potions of curing {unknown}
 q - a potion of haste {unknown}
 s - a potion of invisibility {unknown}
 u - a potion of cancellation {unknown}
 z - a potion of cure mutation {unknown}
Books
 b - a book of Flames

   Spells                             Type                      Level
   a - Flame Tongue                   Conjuration/Fire             1
   b - Throw Flame                    Conjuration/Fire             2
   c - Conjure Flame                  Conjuration/Fire             3
   d - Inner Flame                    Hexes/Fire                   3
   e - Sticky Flame                   Conjuration/Fire             4
   f - Fireball                       Conjuration/Fire             5
Comestibles
 c - 8 bread rations
 j - a beef jerky
 r - a meat ration
 w - 3 chunks of flesh
 D - a slice of pizza


   Skills:
 + Level 1.7 Fighting
 + Level 3.9 Dodging
 - Level 2.4 Stealth
 + Level 5.0 Spellcasting
 + Level 3.2 Conjurations
 + Level 4.7 Fire Magic


You had 8 spell levels left.
You knew the following spells:

 Your Spells              Type           Power        Failure   Level  Hunger
a - Flame Tongue          Conj/Fire      ###..        1%          1    None
b - Throw Flame           Conj/Fire      ###...       3%          2    None
c - Sticky Flame          Conj/Fire      ###.....     24%         4    ####...


Dungeon Overview and Level Annotations

Branches:
Dungeon (4/15)
 Temple: D:4-7

Altars:
Elyvilon
Nemelex Xobeh
Okawaru
Qazlal
Ru
Sif Muna
Yredelemnul
The Shining One

Shops:
D:4 (


Message History

Aim: an iguana (severely wounded)
The flame tongue hits the iguana.
The iguana is almost dead.
The iguana bites you!
Casting: Flame Tongue
Confirm with . or Enter, or press ? or * to list all spells.
Aiming: Flame Tongue
Press: ? - help, Shift-Dir - straight line, f/p - iguana
Aim: an iguana (almost dead)
The flame tongue hits the iguana.
The iguana is almost dead.
The iguana bites you!
* * * LOW HITPOINT WARNING * * *
Casting: Flame Tongue
Confirm with . or Enter, or press ? or * to list all spells.
Aiming: Flame Tongue
Press: ? - help, Shift-Dir - straight line, f/p - iguana
Aim: an iguana (almost dead)
The flame tongue misses the iguana.
The iguana bites you!
You die...

...# #.###.# ...### #..##.#
# .....# #######.##.###.#
...#.# .............)..#
...#.# ########.#^#####
...#.# #...†.......# ..##.#
#...........# #.##.#
########.####(.....# #.##.#
.......l@....#>....#
#.##.###############.#.....#
#.##.............# #.#.....#
#.....##########.# #.#.....#
#..........# #.###.#.....#
#..<#...##.# #.....#.....#
#####...##.# #######.....#
....#....#.# #.......#
###.#..#.#.# #.##....#


You could see an iguana.

Vanquished Creatures
  An ogre (D:4)
  An orc priest (D:3)
  Crazy Yiuf (D:2)
  6 adders
  2 giant mites
  A worm (D:2)
  2 giant geckos
  An ooze (D:2)
  13 orcs
  4 giant cockroaches
  11 goblins
  6 hobgoblins
  5 jackals
  A quokka (D:4)
  14 bats
  2 giant newts (D:3)
  15 kobolds
  16 rats
102 creatures vanquished.

Notes
Turn   | Place    | Note
--------------------------------------------------------------
     0 | D:1      | Miyamura, the Deep Elf Fire Elementalist, began the quest for the Orb.
     0 | D:1      | Reached XP level 1. HP: 10/10 MP: 5/5
   572 | D:1      | Reached XP level 2. HP: 15/15 MP: 4/8
   578 | D:1      | Learned a level 2 spell: Throw Flame
  1232 | D:2      | Reached XP level 3. HP: 10/20 MP: 0/11
  1642 | D:2      | Found a glowing golden altar of the Shining One.
  1781 | D:2      | Reached skill level 4 in Spellcasting
  1922 | D:2      | Reached XP level 4. HP: 24/24 MP: 12/15
  1931 | D:2      | Learned a level 4 spell: Sticky Flame
  2273 | D:3      | Found a stormy altar of Qazlal.
  2273 | D:3      | Found an iron altar of Okawaru.
  2273 | D:3      | Found a deep blue altar of Sif Muna.
  2273 | D:3      | Found a sparkling altar of Nemelex Xobeh.
  2273 | D:3      | Found a white marble altar of Elyvilon.
  2274 | D:3      | Found a basalt altar of Yredelemnul.
  2274 | D:3      | Found a sacrificial altar of Ru.
  2326 | D:3      | Reached skill level 1 in Fighting
  2371 | D:3      | Found a glowing drain.
  2722 | D:3      | Reached XP level 5. HP: 20/29 MP: 3/18
  3372 | D:2      | Noticed Crazy Yiuf
  3378 | D:2      | Killed Crazy Yiuf
  3598 | D:4      | Found Jaetreme's Antique Weapon Boutique.
  4044 | D:4      | Noticed an ogre
  4047 | D:4      | Killed an ogre
  4047 | D:4      | Reached skill level 5 in Spellcasting
  4047 | D:4      | Reached XP level 6. HP: 34/34 MP: 13/21
  4278 | D:4      | Mangled by an iguana

Action                   |  1- 3 |  4- 6 || total
-------------------------+-------+-------++-------
Melee: Short sword       |    12 |     1 ||    13
 Cast: Flame Tongue      |    64 |    50 ||   114
       Throw Flame       |    13 |    73 ||    86
  Use: Scroll            |     9 |     1 ||    10
  Eat: Chunk             |     3 |     8 ||    11
